 Dungeon Crawl Stone Soup version 0.30-a0-777-ga9a30cbeda (webtiles) character file.

Game seed: 17183899474965158982

97 avis the Shooter (level 4, 0/35 HPs)
             Began as a Demigod Hexslinger on Feb 15, 2023.
             Slain by a water moccasin (7 damage)
             ... on level 4 of the Dungeon.
             The game lasted 00:13:29 (2427 turns).

avis the Shooter (Demigod Hexslinger)               Turns: 2427, Time: 00:13:29

Health: 0/35       AC:  2    Str: 11    XL:     4   Next: 19%
Magic:  7/8        EV: 12    Int: 15    God:
Gold:   131        SH:  0    Dex: 18    Spells: 4/5 levels left

rFire   . . .      SeeInvis .    b - +1 sling
rCold   . . .      Faith    .    (no shield)
rNeg    . . .      Spirit   .    c - +0 robe
rPois   .          Reflect  .    (no helmet)
rElec   .          Harm     .    (no cloak)
rCorr   .          Rampage  .    (no gloves)
Will    +....                    (no boots)
Stlth   ++                       (no amulet)
HPRegen 0.25/turn                s - ring of willpower
MPRegen 0.11/turn                (no ring)

@: lethally poisoned (0 -> -3)
A: high MP 1, forlorn, divine attributes
a: no special abilities


You were on level 4 of the Dungeon.
You visited 1 branch of the dungeon, and saw 4 of its levels.

You collected 131 gold pieces.

Inventory:

Hand Weapons
 a - a +2 whip of venom
 b - a +1 sling (weapon)
 p - a +1 dagger of holy wrath
Missiles
 v - 8 poisoned darts
Armour
 c - a +0 robe (worn)
Jewellery
 s - a ring of willpower (left hand)
 t - a ring of magical power
Scrolls
 d - 2 scrolls of blinking {unknown}
 f - a scroll of summoning {unknown}
 g - a scroll of noise {unknown}
 h - 3 scrolls of teleportation {unknown}
 i - a scroll of poison
 j - a scroll of vulnerability {unknown}
 k - a scroll of fog {unknown}
 l - a scroll of immolation {unknown}
 m - a scroll of acquirement {unknown}
 q - 3 scrolls of identify {unknown}
 w - 2 scrolls of fear {unknown}
Potions
 e - a potion of haste {unknown}
 n - 2 potions of attraction {unknown}
 o - a potion of mutation {unknown}
 r - 5 potions of curing {unknown}
 u - a potion of heal wounds {unknown}
 x - a potion of might {unknown}
 z - a potion of degeneration {unknown}


   Skills:
 * Level 1.5 Fighting
 - Level 4.0 Ranged Weapons
 - Level 2.0 Dodging
 - Level 1.0 Spellcasting
 - Level 2.6 Hexes


You had 4 spell levels left.
You knew the following spells:

 Your Spells              Type           Power      Damage    Failure   Level
a - Slow                  Hex            32%        N/A       9%          1

Your spell library contained the following spells:

 Spells                   Type           Power      Damage    Failure   Level
 Confusing Touch          Hex            8%         N/A       24%         3
 Inner Flame              Hex/Fire       4%         N/A       38%         3
 Portal Projectile        Hex/Tloc       8%         N/A       38%         3
 Summon Guardian Golem    Hex/Summ       4%         N/A       38%         3
 Vampiric Draining        Necr           0%         2d6       58%         3
 Cause Fear               Hex            4%         N/A       63%         4
 Orb of Destruction       Conj           0%         9d5       100%        7
 Spellforged Servitor     Conj/Summ      0%         N/A       100%        7


Dungeon Overview and Level Annotations

Branches:
Dungeon (4/15)
 Temple: D:4-7

Shops:
D:1 !


Innate Abilities, Weirdness & Mutations

You have an increased reservoir of magic. (+10% MP)
You shall have no god before yourself.
Your divine heritage dramatically boosts your attributes as you level up.


Message History

The water moccasin barely misses you.
Fire: b) +1 sling
Press: ? - help, Q - select action, (/) - cycle Shift-Dir - straight line, f/p - water moccasin
Aim: a water moccasin (heavily wounded, 44% to hit)
You shoot a sling bullet.
The sling bullet hits the water moccasin but does no damage.
The water moccasin is heavily wounded.
The water moccasin bites you. x2
Fire: b) +1 sling
Press: ? - help, Q - select action, (/) - cycle Shift-Dir - straight line, f/p - water moccasin
Aim: a water moccasin (heavily wounded, 44% to hit)
You shoot a sling bullet.
The sling bullet misses the water moccasin.
The water moccasin barely misses you.
Fire: b) +1 sling
Press: ? - help, Q - select action, (/) - cycle Shift-Dir - straight line, f/p - water moccasin
Aim: a water moccasin (heavily wounded, 44% to hit)
You shoot a sling bullet.
The sling bullet closely misses the water moccasin.
The water moccasin bites you.
You are poisoned.
The water moccasin poisons you! The water moccasin bites you.
Fire: b) +1 sling
Press: ? - help, Q - select action, (/) - cycle Shift-Dir - straight line, f/p - water moccasin
Aim: a water moccasin (heavily wounded, 44% to hit)
You shoot a sling bullet.
The sling bullet closely misses the water moccasin.
You feel very sick.
The water moccasin closely misses you. x2
Fire: b) +1 sling
Press: ? - help, Q - select action, (/) - cycle Shift-Dir - straight line, f/p - water moccasin
Aim: a water moccasin (heavily wounded, 44% to hit)
You shoot a sling bullet.
The sling bullet closely misses the water moccasin.
You feel sick. The water moccasin bites you.
* * * LOW HITPOINT WARNING * * *
The water moccasin attacks as you move away!
The water moccasin barely misses you.
You feel sick. The water moccasin bites you!
You die...

###### ##.....#.
##........ ##.........
###.......... #
#####.@S.........
#..##.##)<...##.........
#........#####.........
+.######..# ##........
##.# ##....... # #### .#
##.###. #. ..## .# ..#
#..#..##### .. .#
#...<.....# ## #


You could see a water moccasin.

Vanquished Creatures
  3 adders
  A worm (D:3)
  4 dart slugs
  2 orcs
  4 bats
  7 endoplasms
  A giant cockroach (D:3)
  5 hobgoblins
  2 jackals (D:3)
  5 kobolds
  2 quokkas
  4 ball pythons
  4 frilled lizards
  4 goblins
  8 rats
56 creatures vanquished.

Vanquished Creatures (others)
  2 fungi (D:3)
2 creatures vanquished.

Grand Total: 58 creatures vanquished

Notes
Turn   | Place    | Note
-------+----------+-------------------------------------------
     0 | D:1      | avis the Demigod Hexslinger began the quest for the Orb.
     0 | D:1      | Reached XP level 1. HP: 15/15 MP: 4/4
    48 | D:1      | Reached skill level 2 in Ranged Weapons
    48 | D:1      | Reached skill level 1 in Fighting
   197 | D:1      | Found Taixt's Distillery.
   271 | D:1      | Reached XP level 2. HP: 23/23 MP: 3/5
   739 | D:1      | Reached skill level 3 in Ranged Weapons
  1083 | D:2      | Reached XP level 3. HP: 28/28 MP: 6/6
  1931 | D:3      | Reached skill level 4 in Ranged Weapons
  1931 | D:3      | Reached XP level 4. HP: 20/35 MP: 6/8
  2412 | D:4      | Noticed a water moccasin
  2427 | D:4      | Slain by a water moccasin

Illustrated notes

Levels and vault maps discovered:
D:1:      nicolae_arrival_washed_ashore, layout_loops_cross, serial_shops, shop,
          serial_glass, glass_columns_b, glass_columns_a,
          minmay_misc_feat_hallway, eino_curves_01
D:2:      layout_loops_cross
D:3:      layout_rooms, grunt_gozag_breadcrumbs,
          shapermc_ecumenical_altar_hornbeckon
D:4:      minmay_chambers_of_twos, layout_rooms, uniq_natasha, uniq_edmund,
          uniq_eustachio

Skill      XL: |  1  2  3 |
---------------+----------+-----
Ranged Weapons | 2 3 4 |  4.0
Fighting       | 1 |  1.5
Dodging        | 2 |  2.0
Spellcasting   | |  1.0
Hexes          | |  2.6

Action                     |  1- 3 |  4- 6 || total
---------------------------+-------+-------++-------
   Fire: Sling             |   121 |    33 ||   154
   Cast: Slow              |    28 |     5 ||    33
 Armour: Robe              |    10 |     1 ||    11
  Dodge: Dodged            |    39 |     8 ||    47

Table legend: (Time is in decaauts)
 A = Elapsed time spent in this place.
 B = Non-inter-level travel time spent in this place.
 C = Inter-level travel time spent in this place.
 D = Time resting spent in this place.
 E = Time spent auto-exploring this place.
 F = Levels seen in this place.
 G = Mean time per level.
                   A        B        C        D        E       F      G
               +--------+--------+--------+--------+--------+-----+--------+
         Total |   2472 |   2205 |    267 |    220 |   1380 |   4 |  618.0 |
       Dungeon |   2472 |   2205 |    267 |    220 |   1380 |   4 |  618.0 |
               +--------+--------+--------+--------+--------+-----+--------+

Top non-repeatable levels by time:
     D:1: 991 daAuts
     D:2: 781 daAuts
     D:3: 642 daAuts
     D:4: 57 daAuts
